 Dungeon Crawl Stone Soup version 0.29.0-4-gdea44cf6ec (webtiles) character file.

Game seed: 13697505182851520111

1299 qw the Grappler (level 8, -3/76 HPs)
             Began as a Troll Cinder Acolyte on Sept 1, 2022.
             Was a High Priest of Ignis.
             Killed from afar by an electric eel (9 damage)
             ... with a bolt of electricity
             ... on level 6 of the Dungeon.
             The game lasted 00:02:32 (4585 turns).

qw the Grappler (Troll Cinder Acolyte)              Turns: 4585, Time: 00:02:33

Health: -3/76      AC:  4    Str: 28    XL:     8   Next: 31%
Magic:  8/8        EV:  9    Int: 10    God:    Ignis [*****.]
Gold:   36         SH:  5    Dex:  5    Spells: 9/9 levels left

rFire   + . .      SeeInvis .     - Unarmed
rCold   . . .      Faith    .   (no shield)
rNeg    . . .      Spirit   .   a - +0 robe
rPois   +          Reflect  +   (helmet restricted)
rElec   .          Harm     .   (no cloak)
rCorr   +          Rampage  .   (gloves unavailable)
Will    .....                   (boots unavailable)
Stlth   +.........              j - amulet of reflection
HPRegen 1.02/turn               i - ring "Haokh" {rCorr Str+3 Slay+4}
MPRegen 0.11/turn               g - ring of poison resistance

@: no status effects
A: large, unfitting armour, claws 3, regeneration 1, shaggy fur 1, tough skin 1
a: Renounce Religion, Fiery Armour, Foxfire Swarm, Rising Flame


You were on level 6 of the Dungeon.
You worshipped Ignis.
Ignis was extremely pleased with you.
You visited 1 branch of the dungeon, and saw 6 of its levels.

You collected 274 gold pieces.
You spent 238 gold pieces at shops.


Innate Abilities, Weirdness & Mutations

You are too large for most types of armour.
You have claws for hands.
Your natural rate of healing is unusually fast.
You are covered in fur. (AC +1)
You have tough skin. (AC +1)


   Skills:
 - Level 3.6 Fighting
 - Level 2.0 Throwing
 - Level 2.4 Dodging
 + Level 9.2 Unarmed Combat
 - Level 1.0 Spellcasting
 - Level 2.1 Fire Magic


You had 9 spell levels left.
You didn't know any spells.
Your spell library contained the following spells:

 Spells                   Type           Power      Damage    Failure   Level
 Scorch                   Fire           8%         2d5       22%         2

Inventory:

Missiles
 l - a boomerang (quivered)
Armour
 a - a +0 robe (worn)
Jewellery
 g - a ring of poison resistance (right claw)
 i - the ring "Haokh" (left claw) {rCorr Str+3 Slay+4}
   (You found it on level 4 of the Dungeon)

   [ring of slaying]

   Str:       It affects your strength (+3).
   Slay:      It affects your accuracy & damage with ranged weapons and melee
   (+4).
   rCorr:     It protects you from acid and corrosion.
 j - an amulet of reflection (around neck)
 n - a +4 ring of protection
Scrolls
 b - 2 scrolls of identify
 m - 2 scrolls of teleportation
Potions
 c - 3 potions of heal wounds
 d - a potion of flight {unknown}
 e - 3 potions of haste
 h - 2 potions of curing
 k - a potion of resistance

Dungeon Overview and Level Annotations

Branches:
Dungeon (6/15)             Temple (0/1) D:5

Altars:
Cheibriados
Dithmenos
Gozag
Nemelex Xobeh
Okawaru
Qazlal
Ru
Xom
Yredelemnul

Shops:
D:5 *


Message History

The electric eel shoots out a bolt of lightning at you!
The bolt of electricity hits you!
4567 ||| FLEEEEING.
4568 ||| FLEEEEING.
The electric eel shoots out a bolt of lightning at you!
The bolt of electricity hits you!
4569 ||| FLEEEEING.
The electric eel shoots out a bolt of lightning at you!
The bolt of electricity hits you!
4570 ||| FLEEEEING.
The electric eel shoots out a bolt of lightning at you!
The bolt of electricity hits you!
4571 ||| FLEEEEING.
4572 ||| FLEEEEING.
4573 ||| FLEEEEING.
The electric eel shoots out a bolt of lightning at you!
The bolt of electricity hits you!
4574 ||| FLEEEEING.
4575 ||| FLEEEEING.
The electric eel shoots out a bolt of lightning at you!
The bolt of electricity hits you!
4576 ||| FLEEEEING.
The electric eel shoots out a bolt of lightning at you!
The bolt of electricity hits you!
4577 ||| FLEEEEING.
4578 ||| FLEEEEING.
4579 ||| FLEEEEING.
4580 ||| FLEEEEING.
4581 ||| FLEEEEING.
The electric eel shoots out a bolt of lightning at you!
The bolt of electricity hits you.
4582 ||| FLEEEEING.
4583 ||| FLEEEEING.
4584 ||| FLEEEEING.
The electric eel shoots out a bolt of lightning at you!
The bolt of electricity hits you!
4585 ||| FLEEEEING.
The electric eel shoots out a bolt of lightning at you!
The bolt of electricity hits you!
You die...

.. .........%..............
....###.....#.##....#######
#.........#.##....# #. #
.###.....#.##....# #. ###.#
#.....#.############.
#~~.~~##.##..#....).........
~~~~~~~.####.##############.
~~~~~~~~~###.# #.
~~~~~~~~~~#@.# #.
~~~~~~~~~#.#.# #.
~~#~~~~#~~S#.# #.
~~~~~~~~~~~~.. #.
~~.).#~$$#~~#.# ##
...<...:.~~...# ..~#~.~~~#.#
~~~~. ~~~#.# ~~~~~~~~## #


You could see an electric eel.

Vanquished Creatures
  Grinder (D:6)
  Eustachio (D:5)
  Menkaure (D:5)
  A black bear (D:5)
  An ogre (D:6)
  4 scorpions
  An electric eel (D:6)
  An orc priest (D:4)
  4 hounds
  8 gnolls
  7 adders
  An ufetubus (D:4)
  2 worms (D:3)
  6 dart slugs
  7 orcs
  11 ball pythons
  3 endoplasms
  3 giant cockroaches
  6 hobgoblins
  2 jackals (D:1)
  2 quokkas
  11 bats
  8 frilled lizards
  A goblin (D:3)
  9 kobolds
  9 rats
111 creatures vanquished.

Vanquished Creatures (others)
  A dart slug (D:6)
1 creature vanquished.

Grand Total: 112 creatures vanquished

Notes
Turn   | Place    | Note
-------+----------+-------------------------------------------
     0 | D:1      | qw the Troll Cinder Acolyte began the quest for the Orb.
     0 | D:1      | Reached XP level 1. HP: 22/22 MP: 1/1
     0 | D:1      | 0 ||| qw: Version: 0.1-a-97-g2dd2ca4
     0 | D:1      | 0 ||| qw: Game counter: 4854
     0 | D:1      | 0 ||| qw: Always use a shield: true
     0 | D:1      | 0 ||| qw: God list: Okawaru
     0 | D:1      | 0 ||| qw: Allow faded altars: false
     0 | D:1      | 0 ||| qw: Do Orc after D:15 true
     0 | D:1      | 0 ||| qw: Do second Lair branch before Depths: true
     0 | D:1      | 0 ||| qw: Lair rune preference: random
     0 | D:1      | 0 ||| qw: Plans: Normal
     0 | D:1      | 0 ||| PLANNING D:1-11
   234 | D:1      | Reached XP level 2. HP: 29/29 MP: 2/2
   304 | D:1      | 304 ||| Stepping ~*~*~tactically~*~*~ (outnumbered).
   305 | D:1      | 305 ||| Stepping ~*~*~tactically~*~*~ (outnumbered).
   306 | D:1      | 306 ||| Stepping ~*~*~tactically~*~*~ (outnumbered).
   307 | D:1      | 307 ||| Stepping ~*~*~tactically~*~*~ (outnumbered).
   308 | D:1      | 308 ||| Stepping ~*~*~tactically~*~*~ (outnumbered).
   406 | D:1      | Reached skill level 4 in Unarmed Combat
   740 | D:1      | Reached XP level 3. HP: 34/36 MP: 3/3
   922 | D:1      | 922 ||| READING scroll labelled ELAXEU YTZOUXT.
   926 | D:1      | 926 ||| READING 2 scrolls labelled HIQYSE GEMPY.
   927 | D:1      | 927 ||| READING scroll labelled GUZAOS NAENO.
   928 | D:1      | 928 ||| DROPPING scroll of amnesia.
  1718 | D:2      | Found a shimmering altar of Xom.
  1819 | D:2      | 1819 ||| UPGRADING to amulet of reflection.
  1824 | D:2      | 1824 ||| DROPPING ring of flight.
  1825 | D:2      | 1825 ||| UPGRADING to ring of positive energy.
  1826 | D:2      | 1826 ||| READING scroll labelled COCAIQ FAGA.
  1827 | D:2      | 1827 ||| DRINKING 2 amethyst potions.
  1828 | D:2      | 1828 ||| DRINKING 2 bubbling cyan potions.
  1900 | D:3      | 1900 ||| Stepping ~*~*~tactically~*~*~ (stealth).
  1950 | D:3      | Reached XP level 4. HP: 44/44 MP: 4/4
  1998 | D:3      | Reached skill level 5 in Unarmed Combat
  1999 | D:3      | 1999 ||| Stepping ~*~*~tactically~*~*~ (stealth).
  2051 | D:3      | Noticed a scorpion
  2060 | D:3      | Killed a scorpion
  2062 | D:3      | Reached XP level 5. HP: 37/50 MP: 5/5
  2254 | D:3      | 2254 ||| Stepping ~*~*~tactically~*~*~ (stealth).
  2539 | D:3      | 2539 ||| DROPPING orb of energy.
  2540 | D:3      | 2540 ||| READING scroll labelled PECOIH WUKHLUR.
  2541 | D:3      | 2541 ||| READING scroll labelled APSOLY JAROGIM.
  2542 | D:3      | 2542 ||| READING scroll labelled XAIPIADDUBBO.
  2543 | D:3      | 2543 ||| DRINKING 2 lumpy puce potions.
  2568 | D:3      | 2568 ||| READING 3 scrolls of identify.
  2568 | D:3      | 2568 ||| IDENTIFYING puce potion
  2569 | D:3      | 2569 ||| READING 2 scrolls of identify.
  2569 | D:3      | 2569 ||| IDENTIFYING dark potion
  2570 | D:3      | 2570 ||| DROPPING potion of degeneration.
  2571 | D:3      | 2571 ||| DROPPING potion of lignification.
  2611 | D:4      | Found a basalt altar of Yredelemnul.
  2612 | D:4      | 2612 ||| Stepping ~*~*~tactically~*~*~ (hiding).
  2614 | D:4      | 2614 ||| Stepping ~*~*~tactically~*~*~ (hiding).
  2615 | D:4      | 2615 ||| Stepping ~*~*~tactically~*~*~ (stealth).
  2621 | D:4      | 2621 ||| INVOKING Fiery Armour.
  2629 | D:4      | Reached skill level 6 in Unarmed Combat
  2657 | D:4      | 2657 ||| Stepping ~*~*~tactically~*~*~ (stealth).
  2660 | D:4      | 2660 ||| Stepping ~*~*~tactically~*~*~ (stealth).
  2662 | D:4      | 2662 ||| Stepping ~*~*~tactically~*~*~ (stealth).
  2710 | D:4      | 2710 ||| Stepping ~*~*~tactically~*~*~ (hiding).
  2854 | D:4      | Found a stormy altar of Qazlal.
  2866 | D:4      | Reached XP level 6. HP: 54/59 MP: 6/6
  2917 | D:4      | Identified the ring "Haokh" {rCorr Str+3 Slay+4}
  2935 | D:4      | Reached skill level 7 in Unarmed Combat
  2969 | D:4      | Found a sacrificial altar of Ru.
  3171 | D:4      | Found a shimmering altar of Xom.
  3174 | D:4      | Found a broken altar of Ashenzari.
  3174 | D:4      | Found a sacrificial altar of Ru.
  3176 | D:4      | Found a shadowy altar of Dithmenos.
  3176 | D:4      | Found an iron altar of Okawaru.
  3176 | D:4      | Found a sparkling altar of Nemelex Xobeh.
  3231 | D:4      | Found a snail-covered altar of Cheibriados.
  3386 | D:4      | 3386 ||| Stepping ~*~*~tactically~*~*~ (stealth).
  3387 | D:4      | 3387 ||| Stepping ~*~*~tactically~*~*~ (stealth).
  3388 | D:4      | 3388 ||| Stepping ~*~*~tactically~*~*~ (stealth).
  3390 | D:4      | 3390 ||| Stepping ~*~*~tactically~*~*~ (stealth).
  3392 | D:4      | 3392 ||| Stepping ~*~*~tactically~*~*~ (outnumbered).
  3393 | D:4      | 3393 ||| Stepping ~*~*~tactically~*~*~ (outnumbered).
  3394 | D:4      | 3394 ||| Stepping ~*~*~tactically~*~*~ (outnumbered).
  3395 | D:4      | 3395 ||| Stepping ~*~*~tactically~*~*~ (outnumbered).
  3396 | D:4      | 3396 ||| Stepping ~*~*~tactically~*~*~ (outnumbered).
  3397 | D:4      | 3397 ||| Stepping ~*~*~tactically~*~*~ (outnumbered).
  3399 | D:4      | 3399 ||| Stepping ~*~*~tactically~*~*~ (outnumbered).
  3401 | D:4      | 3401 ||| Stepping ~*~*~tactically~*~*~ (outnumbered).
  3402 | D:4      | 3402 ||| Stepping ~*~*~tactically~*~*~ (outnumbered).
  3403 | D:4      | 3403 ||| Stepping ~*~*~tactically~*~*~ (outnumbered).
  3404 | D:4      | 3404 ||| Stepping ~*~*~tactically~*~*~ (outnumbered).
  3405 | D:4      | 3405 ||| Stepping ~*~*~tactically~*~*~ (outnumbered).
  3406 | D:4      | 3406 ||| Stepping ~*~*~tactically~*~*~ (outnumbered).
  3407 | D:4      | 3407 ||| Stepping ~*~*~tactically~*~*~ (outnumbered).
  3408 | D:4      | 3408 ||| Stepping ~*~*~tactically~*~*~ (outnumbered).
  3409 | D:4      | 3409 ||| Stepping ~*~*~tactically~*~*~ (outnumbered).
  3410 | D:4      | 3410 ||| Stepping ~*~*~tactically~*~*~ (outnumbered).
  3436 | D:4      | 3436 ||| Stepping ~*~*~tactically~*~*~ (hiding).
  3555 | D:4      | 3555 ||| UPGRADING to ring of poison resistance.
  3556 | D:4      | 3556 ||| UPGRADING to ring "Haokh" {rCorr Str+3 Slay+4}.
  3558 | D:4      | 3558 ||| READING scroll labelled QES UFOUFAUHEO.
  3559 | D:4      | 3559 ||| READING 2 scrolls of identify.
  3559 | D:4      | 3559 ||| IDENTIFYING viscous inky potion
  3603 | D:5      | Entered Level 5 of the Dungeon
  3629 | D:5      | Noticed Eustachio
  3630 | D:5      | 3630 ||| Stepping ~*~*~tactically~*~*~ (stealth).
  3642 | D:5      | 3642 ||| Stepping ~*~*~tactically~*~*~ (hiding).
  3643 | D:5      | 3643 ||| Stepping ~*~*~tactically~*~*~ (hiding).
  3661 | D:5      | 3661 ||| INVOKING Fiery Armour.
  3666 | D:5      | 3666 ||| Stepping ~*~*~tactically~*~*~ (outnumbered).
  3668 | D:5      | 3668 ||| Stepping ~*~*~tactically~*~*~ (outnumbered).
  3669 | D:5      | Reached skill level 8 in Unarmed Combat
  3669 | D:5      | Reached XP level 7. HP: 62/66 MP: 7/7
  3671 | D:5      | 3671 ||| Stepping ~*~*~tactically~*~*~ (outnumbered).
  3672 | D:5      | 3672 ||| Stepping ~*~*~tactically~*~*~ (outnumbered).
  3673 | D:5      | 3673 ||| Stepping ~*~*~tactically~*~*~ (outnumbered).
  3674 | D:5      | 3674 ||| Stepping ~*~*~tactically~*~*~ (outnumbered).
  3692 | D:5      | 3692 ||| Stepping ~*~*~tactically~*~*~ (stealth).
  3699 | D:5      | Killed Eustachio
  3700 | D:5      | Reached skill level 3 in Fighting
  3712 | D:5      | Found an opulent altar of Gozag.
  3714 | D:5      | Noticed Menkaure
  3715 | D:5      | 3715 ||| Stepping ~*~*~tactically~*~*~ (hiding).
  3721 | D:5      | Killed Menkaure
  3746 | D:5      | 3746 ||| Stepping ~*~*~tactically~*~*~ (stealth).
  3794 | D:5      | Found an iron altar of Okawaru.
  3812 | D:5      | Found a staircase to the Ecumenical Temple.
  3868 | D:5      | 3868 ||| Stepping ~*~*~tactically~*~*~ (stealth).
  3880 | D:5      | 3880 ||| Stepping ~*~*~tactically~*~*~ (hiding).
  3881 | D:5      | 3881 ||| Stepping ~*~*~tactically~*~*~ (hiding).
  3882 | D:5      | 3882 ||| Stepping ~*~*~tactically~*~*~ (hiding).
  3883 | D:5      | 3883 ||| Stepping ~*~*~tactically~*~*~ (hiding).
  3884 | D:5      | 3884 ||| Stepping ~*~*~tactically~*~*~ (hiding).
  3885 | D:5      | 3885 ||| Stepping ~*~*~tactically~*~*~ (hiding).
  3886 | D:5      | 3886 ||| Stepping ~*~*~tactically~*~*~ (outnumbered).
  3897 | D:5      | Reached skill level 9 in Unarmed Combat
  3928 | D:5      | Found Rolid's Assorted Antiques.
  3936 | D:5      | 3936 ||| BUYING emerald ring (170 gold).
  3936 | D:5      | Bought an emerald ring for 170 gold pieces
  3936 | D:5      | 3936 ||| SHOPLISTING potion of curing (102 gold, have 80).
  3936 | D:5      | 3936 ||| SHOPLISTING potion of heal wounds (170 gold, have
                  | 80).
  3936 | D:5      | 3936 ||| BUYING scroll of identify (68 gold).
  3936 | D:5      | Bought a scroll of identify for 68 gold pieces
  4181 | D:5      | 4181 ||| Stepping ~*~*~tactically~*~*~ (stealth).
  4259 | D:5      | 4259 ||| DROPPING ring of positive energy.
  4260 | D:5      | 4260 ||| READING scroll labelled JYPNET JUTU.
  4261 | D:5      | 4261 ||| READING scroll labelled FOMUSKISHO.
  4322 | D:6      | Reached XP level 8. HP: 76/76 MP: 8/8
  4400 | D:6      | 4400 ||| Stepping ~*~*~tactically~*~*~ (hiding).
  4410 | D:6      | Noticed Grinder
  4412 | D:6      | 4412 ||| INVOKING Fiery Armour.
  4413 | D:6      | Killed Grinder
  4414 | D:6      | 4414 ||| FLEEEEING.
  4415 | D:6      | 4415 ||| Stepping ~*~*~tactically~*~*~ (hiding).
  4475 | D:6      | 4475 ||| Stepping ~*~*~tactically~*~*~ (stealth).
  4477 | D:6      | 4477 ||| Stepping ~*~*~tactically~*~*~ (hiding).
  4508 | D:6      | 4508 ||| Stepping ~*~*~tactically~*~*~ (stealth).
  4509 | D:6      | 4509 ||| Stepping ~*~*~tactically~*~*~ (stealth).
  4510 | D:6      | 4510 ||| Stepping ~*~*~tactically~*~*~ (stealth).
  4525 | D:6      | 4525 ||| FLEEEEING.
  4526 | D:6      | 4526 ||| FLEEEEING.
  4527 | D:6      | 4527 ||| FLEEEEING.
  4567 | D:6      | 4567 ||| FLEEEEING.
  4568 | D:6      | 4568 ||| FLEEEEING.
  4569 | D:6      | 4569 ||| FLEEEEING.
  4570 | D:6      | 4570 ||| FLEEEEING.
  4571 | D:6      | 4571 ||| FLEEEEING.
  4572 | D:6      | 4572 ||| FLEEEEING.
  4573 | D:6      | 4573 ||| FLEEEEING.
  4574 | D:6      | 4574 ||| FLEEEEING.
  4575 | D:6      | 4575 ||| FLEEEEING.
  4576 | D:6      | 4576 ||| FLEEEEING.
  4576 | D:6      | HP: 11/76 [electric eel/bolt of electricity (11)]
  4577 | D:6      | 4577 ||| FLEEEEING.
  4578 | D:6      | 4578 ||| FLEEEEING.
  4579 | D:6      | 4579 ||| FLEEEEING.
  4580 | D:6      | 4580 ||| FLEEEEING.
  4581 | D:6      | 4581 ||| FLEEEEING.
  4581 | D:6      | HP: 11/76 [electric eel/bolt of electricity (5)]
  4582 | D:6      | 4582 ||| FLEEEEING.
  4583 | D:6      | 4583 ||| FLEEEEING.
  4584 | D:6      | 4584 ||| FLEEEEING.
  4584 | D:6      | HP: 5/76 [electric eel/bolt of electricity (9)]
  4585 | D:6      | 4585 ||| FLEEEEING.
  4585 | D:6      | Killed from afar by an electric eel

Levels and vault maps discovered:
D:1:      dpeg_cavernosity, layout_basic, minmay_misc_feat_enclosed,
          minmay_tetromino_l4
D:2:      minmay_angry_zag, layout_loops_corners, basic_altar
D:3:      layout_loops_ring, grunt_ministairs_4, ebering_dispersal_statue_hall,
          amcnicky_mini_pool_small
D:4:      layout_basic, general_overflow_altar, marbit_many_paths,
          mainiacjoe_overflow_chevrons, doesnt_xom_only_xom, lemuel_tele_altar,
          nicolae_elevator_lobby_asterisk
D:5:      layout_cave_pools, nicolae_gozag_cash_rules_everything_around_me,
          mainiacjoe_overflow_tiny_flanked, minmay_temple_entry_slanted,
          serial_shops, shop, chequers_garden, minivault_11,
          chequers_serial_rivers_room_b, uniq_eustachio, uniq_menkaure
D:6:      kennysheep_slugbush, layout_basic, uniq_grinder, uniq_sigmund

Skill      XL: |  1  2  3  4  5  6  7  8 |
---------------+-------------------------+-----
Unarmed Combat | 4 5 6 8 9 |  9.2
Fighting       | 3 |  3.6
Throwing       | 2 |  2.0
Dodging        | 2 |  2.4
Spellcasting   | |  1.0
Fire Magic     | |  2.1

Action                   |  1- 3 |  4- 6 |  7- 9 || total
-------------------------+-------+-------+-------++-------
Melee: Unarmed           |   121 |   114 |    46 ||   281
       Punch             |       |       |     1 ||     1
Throw: Boomerang         |       |     8 |    14 ||    22
Invok: Fiery Armour      |       |     2 |     1 ||     3
  Use: Scroll            |     4 |     7 |     2 ||    13
       Potion            |     2 |     1 |       ||     3
Armor: Robe              |    42 |    42 |    13 ||    97
Dodge: Dodged            |    40 |    37 |    18 ||    95
Block: Other             |     2 |    29 |    12 ||    43
       Reflection        |       |     2 |       ||     2

Table legend:
 A = Non-vault XP
 B = Vault XP
 C = Vault XP percentage of total XP
 D = Non-vault monster count
 E = Vault monster count
 F = Vault count percentage of total count
                 A         B        C        D         E       F
            +---------+---------+-------+---------+---------+-------
      Total |    1162 |     695 |  37.4 |      90 |      21 |  18.9
            +---------+---------+-------+---------+---------+-------
        D:1 |      34 |      12 |  26.1 |      21 |       7 |  25.0
        D:2 |      22 |       8 |  26.7 |      15 |       5 |  25.0
        D:3 |     135 |       3 |   2.2 |      19 |       2 |   9.5
        D:4 |     301 |      13 |   4.1 |      20 |       1 |   4.8
        D:5 |     496 |     366 |  42.5 |      13 |       2 |  13.3
        D:6 |     174 |     293 |  62.7 |       2 |       4 |  66.7
            +---------+---------+-------+---------+---------+-------
